 Dungeon Crawl Stone Soup version 0.29.1-2-gbd0b4ee654 (webtiles) character file.

Game seed: 5031189052780822100

232 DemonSlayer the Magician (level 5, -6/35 HPs)
             Began as a Demonspawn Fire Elementalist on Nov 5, 2022.
             Killed from afar by an orc wizard (7 damage)
             ... with a puff of flame
             ... on level 3 of the Dungeon.
             The game lasted 00:07:15 (4102 turns).

DemonSlayer the Magician (DsFE)                     Turns: 4102, Time: 00:07:15

Health: -6/35      AC:  3    Str:  6 (8)  XL:     5   Next: 73%
Magic:  0/10       EV: 16    Int: 15 (18) God:
Gold:   123        SH:  0    Dex: 11 (14) Spells: 1/11 levels left

rFire   . . .      SeeInvis .   k - +0 rapier
rCold   . . .      Faith    .   (no shield)
rNeg    . . .      Spirit   +   a - +0 robe
rPois   +          Reflect  .   j - +0 helmet
rElec   .          Harm     .   (no cloak)
rCorr   .          Rampage  .   (no gloves)
Will    .....                   (no boots)
Stlth   ++........              m - amulet of guardian spirit
HPRegen 0.11/turn               c - +4 ring of evasion
MPRegen 0.12/turn               e - ring of poison resistance

@: no status effects
A: condensation shield
a: no special abilities


You were on level 3 of the Dungeon.
You visited 1 branch of the dungeon, and saw 3 of its levels.

You collected 123 gold pieces.

Inventory:

Hand Weapons
 k - a +0 rapier (weapon)
Missiles
 b - 2 throwing nets
Armour
 a - a +0 robe (worn)
 j - a +0 helmet (worn)
Jewellery
 c - a +4 ring of evasion (left hand)
 e - a ring of poison resistance (right hand)
 m - an amulet of guardian spirit (around neck)
Scrolls
 n - 2 scrolls of identify {unknown}
 p - a scroll of teleportation {unknown}
 q - a scroll of magic mapping {unknown}
 s - a scroll of amnesia {unknown}
 v - a scroll of noise {unknown}
Potions
 d - a potion of mutation {unknown}
 f - a potion of berserk rage {unknown}
 g - a potion of degeneration
 h - a potion of cancellation
 i - a potion of lignification {unknown}
 l - a potion of brilliance {unknown}
 o - a potion of might
 r - 2 potions of curing {unknown}
 t - a potion of invisibility {unknown}
 u - 2 potions of attraction {unknown}


   Skills:
 + Level 0.2 Fighting
 + Level 1.3 Short Blades
 + Level 2.6 Dodging
 + Level 2.2 Stealth
 + Level 0.4 Shields
 + Level 3.5 Spellcasting
 + Level 1.8 Conjurations
 + Level 3.5 Fire Magic


You had one spell level left.
You knew the following spells:

 Your Spells              Type           Power      Damage    Failure   Level
a - Foxfire               Conj/Fire      40%        2x1d6     6%          1
b - Scorch                Fire           26%        2d6       7%          2
c - Conjure Flame         Conj/Fire      10%        6-21      19%         3
d - Flame Wave            Conj/Fire      10%        2d6       52%         4

Your spell library contained the following spells:

 Spells                   Type           Power      Damage    Failure   Level
 Static Discharge         Conj/Air       5%         3-4/arc   19%         2
 Inner Flame              Hex/Fire       8%         N/A       26%         3
 Lightning Bolt           Conj/Air       2%         1d14      98%         5
 Maxwell's Capacitive Co  Air            1%         ∞         100%        8


Dungeon Overview and Level Annotations

Branches:
Dungeon (3/15)

Altars:
Dithmenos


Innate Abilities, Weirdness & Mutations

A meltable shield of frost defends you. (SH +0)


Message History

You closely miss the orc wizard.
The orc wizard is almost dead.
The orc wizard mumbles some strange words.
The orc wizard flickers and vanishes!
Deactivating autopickup; reactivate with Ctrl-A.
You barely miss something. Something hits you.
You closely miss something. You block something's attack.
You miss something. You block something's attack.
You miss something.
You hear some strange, mumbled words.
You are confused.
You hear some strange, mumbled words.
A puff of flame appears from out of thin air!
The puff of flame hits you!
Your condensation shield dissipates!
You're too confused to move!
You are too confused!
Something hits you. Something barely misses you.
You closely miss something.
You feel less confused. Something barely misses you. Something hits you.
* * * LOW HITPOINT WARNING * * *
You completely miss something. Something hits you but does no damage.
You hit something. Something hits you.
* * * LOW HITPOINT WARNING * * *
You miss something. Something hits you.
* * * LOW HITPOINT WARNING * * *
You closely miss something. Something hits you.
* * * LOW HITPOINT WARNING * * *
You completely miss something. Something hits you.
* * * LOW HITPOINT WARNING * * *
You hit something. Something hits you.
* * * LOW HITPOINT WARNING * * *
You miss something. Something barely misses you.
You closely miss something.
You hear some strange, mumbled words.
A puff of flame appears from out of thin air!
The puff of flame hits you!
You die...

##....#........#...........
#.#####.#.##....#...#..#..
##.#####.#.##....#._.#..#..
#........#.......#...#..#[#
#######....................
#....................
#.............#......
#.............####+##
#..{@.........# #.
#.............####.##
####'##..............
#.##..............
#)##..............
).##....#####.....
...##....# #.###.
#..######.# #..... #.. +#
##.....


There were no monsters in sight!

Vanquished Creatures
  A scorpion (D:2)
  Jessica (D:2)
  An orc wizard (D:3)
  Robin (D:2)
  4 adders (D:2)
  A dart slug (D:2)
  7 orcs (D:3)
  4 ball pythons
  5 bats
  2 endoplasms
  A giant cockroach (D:1)
  14 goblins
  8 hobgoblins
  5 quokkas
  3 frilled lizards
  3 kobolds
  5 rats
66 creatures vanquished.

Vanquished Creatures (others)
  89 foxfires
89 creatures vanquished.

Grand Total: 155 creatures vanquished

Notes
Turn   | Place    | Note
-------+----------+-------------------------------------------
     0 | D:1      | DemonSlayer the Demonspawn Fire Elementalist began the
                  | quest for the Orb.
     0 | D:1      | Reached XP level 1. HP: 13/13 MP: 3/3
   575 | D:1      | Gained mutation: A meltable shield of frost defends you.
                  | (SH +0) [demonic ancestry]
   575 | D:1      | Reached XP level 2. HP: 19/19 MP: 0/5
  1465 | D:1      | Learned a level 2 spell: Scorch
  1693 | D:2      | Noticed Jessica
  2227 | D:2      | Killed Jessica
  2228 | D:2      | Reached XP level 3. HP: 19/24 MP: 0/7
  2313 | D:2      | Noticed a scorpion
  2404 | D:2      | Killed a scorpion
  2405 | D:2      | Reached skill level 1 in Short Blades
  2405 | D:2      | Reached XP level 4. HP: 30/30 MP: 1/8
  2577 | D:2      | Reached XP level 5. HP: 35/35 MP: 2/9
  2686 | D:2      | Noticed Robin
  3074 | D:2      | Killed Robin
  3335 | D:2      | Learned a level 3 spell: Conjure Flame
  3340 | D:2      | Learned a level 4 spell: Flame Wave
  3806 | D:3      | Found a shadowy altar of Dithmenos.
  3896 | D:3      | Found a faded altar of an unknown god.
  4100 | D:3      | HP: 1/35 [something (2)]
  4102 | D:3      | Killed from afar by an orc wizard

Illustrated notes

Levels and vault maps discovered:
D:1:      wander_arrival_chamber, layout_basic
D:2:      layout_basic, uniq_robin, uniq_jessica
D:3:      layout_basic, lemuel_crystal_altar,
          hellmonk_ecumenical_altar_lost_god, kennysheep_generic_room_16

Skill      XL: |  1  2  3 |
---------------+----------+-----
Dodging        | 2 |  2.6
Stealth        | 2 |  2.2
Fire Magic     | 3 |  3.5
Short Blades   | 1 |  1.3
Spellcasting   | 3 |  3.5
Fighting       | |  0.2
Shields        | |  0.4
Conjurations   | |  1.8

Action                   |  1- 3 |  4- 6 || total
-------------------------+-------+-------++-------
Melee: Short sword       |    10 |       ||    10
       Unarmed           |     1 |       ||     1
       Rapier            |    14 |    75 ||    89
 Cast: Foxfire           |    53 |     3 ||    56
       Scorch            |     5 |    42 ||    47
  Use: Potion            |       |     5 ||     5
 Stab: Sleeping          |     2 |       ||     2
Armor: Robe              |     3 |    12 ||    15
Dodge: Dodged            |    36 |   103 ||   139
Block: Other             |     5 |    25 ||    30
